 Dungeon Crawl Stone Soup version 0.29.0-4-gdea44cf6ec (webtiles) character file.

Game seed: 2829815514541672458

59 qw the Chopper (level 4, 0/26 HPs)
             Began as a Tengu Warper on Aug 28, 2022.
             Slain by an orc wizard
             ... wielding a +0 dagger
              (1 damage)
             ... on level 3 of the Dungeon.
             The game lasted 00:00:13 (2822 turns).

qw the Chopper (Tengu Warper)                       Turns: 2822, Time: 00:00:13

Health: 0/26       AC:  6    Str: 13    XL:     4   Next: 3%
Magic:  8/8        EV:  9    Int: 14    God:
Gold:   175        SH:  0    Dex: 13    Spells: 7/7 levels left

rFire   . . .      SeeInvis .   Y - +0 hand axe (chaos)
rCold   . . .      Faith    .   (no shield)
rNeg    . . .      Spirit   .   d - +0 scale mail
rPois   .          Reflect  .   (helmet restricted)
rElec   .          Harm     .   (no cloak)
rCorr   .          Rampage  .   (no gloves)
Will    .....                   (boots unavailable)
Stlth   ..........              (no amulet)
HPRegen 0.08/turn               (no ring)
MPRegen 0.11/turn               (no ring)

@: no status effects
A: beak, talons 3
a: no special abilities


You were on level 3 of the Dungeon.
You visited 1 branch of the dungeon, and saw 3 of its levels.

You collected 175 gold pieces.


Innate Abilities, Weirdness & Mutations

You have a beak for a mouth.
You have claws for feet.


   Skills:
 - Level 2.0 Fighting
 + Level 4.6 Axes
 - Level 1.0 Throwing
 - Level 1.1 Armour
 - Level 2.1 Dodging
 - Level 2.0 Spellcasting
 - Level 2.4 Translocations


You had 7 spell levels left.
You didn't know any spells.
Your spell library contained the following spells:

 Spells                   Type           Power      Damage    Failure   Level
 Blink                    Tloc           16%        N/A       54%         2
 Gell's Gravitas          Tloc           8%         N/A       78%         3
 Lesser Beckoning         Tloc           8%         N/A       78%         3
 Teleport Other           Tloc           8%         N/A       78%         3
 Manifold Assault         Tloc           8%         N/A       100%        5

Inventory:

Hand Weapons
 h - a +0 mace
 Y - a +0 hand axe of chaos (weapon)
Armour
 d - a +0 scale mail (worn)
Scrolls
 a - a scroll of silence {unknown}
 b - a scroll of identify
Potions
 f - a potion of mutation
 k - a potion of heal wounds {unknown}

Dungeon Overview and Level Annotations

Branches:
Dungeon (3/15)

Altars:
Cheibriados

Shops:
D:1 *?([


Message History

The boomerang hits you.
An orc comes into view. It is wielding a +0 club.
You have reached level 4!
You feel clever.
You're too confused to move!
You hear the slow rusting of a very distant drain.
Something hits you but does no damage. x2
You bump into the rock wall.
The orc throws a boomerang.
The boomerang barely misses you.
Something hits you but does no damage. x2
Something hits you.
You hear some strange, mumbled words.
A puff of flame appears from out of thin air!
The puff of flame hits you! Something hits you but does no damage.
The orc throws a boomerang.
The boomerang barely misses you.
You closely miss something. Your kick misses something. Something hits you.
You hear some strange, mumbled words.
A puff of flame appears from out of thin air!
The puff of flame hits you.
The orc throws a boomerang.
The boomerang hits you but does no damage.
There is an open door here.
You bump into the rock wall.
Something hits you.
The orc throws a boomerang.
Something hits you but does no damage.
You feel less confused.
You hear some strange, mumbled words.
The orc barely misses you.
You hit the orc. You burn the orc. You claw the orc, but do no damage.
The orc is severely wounded.
You miss something. The orc hits you with a +0 club.
You hit the orc.
You kill the orc!
You miss something. Something hits you.
You hit the orc.
The orc is poisoned.
Your kick misses the orc.
The orc is severely wounded.
You hit something. You freeze something. Something hits you.
You die...

..........######.###.#.#
##.####...## #.# #.#.#
#.....# #.###.#.#
##...## #.......# ##.##
#####.### #.# #.# #.#
###.##### ##'##
#.%....## ##..@##
#.#....## #).o?.#
#.#..#.## #.......#
#........ ............#
#...#####. ............+
.(... #... ###........<#
##... #.## ##.......##
##.# ... # ##...(.## ...
# ##...## ##.#


You could see an orc (very poisoned).

Vanquished Creatures
  A worm (D:2)
  3 dart slugs
  2 orcs (D:3)
  6 endoplasms
  2 giant cockroaches
  3 goblins (D:1)
  5 hobgoblins
  3 jackals (D:2)
  3 kobolds (D:1)
  4 ball pythons
  5 bats
  6 rats
43 creatures vanquished.

Notes
Turn   | Place    | Note
-------+----------+-------------------------------------------
     0 | D:1      | qw the Tengu Warper began the quest for the Orb.
     0 | D:1      | Reached XP level 1. HP: 12/12 MP: 4/4
     0 | D:1      | 0 ||| qw: Version: 0.1-a-89-g26bdef1
     0 | D:1      | 0 ||| qw: Game counter: 2993
     0 | D:1      | 0 ||| qw: Always use a shield: true
     0 | D:1      | 0 ||| qw: God list: Okawaru
     0 | D:1      | 0 ||| qw: Allow faded altars: false
     0 | D:1      | 0 ||| qw: Do Orc after D:15 true
     0 | D:1      | 0 ||| qw: Do second Lair branch before Depths: true
     0 | D:1      | 0 ||| qw: Lair rune preference: random
     0 | D:1      | 0 ||| qw: Plans: Normal
     0 | D:1      | 0 ||| PLANNING D:1-11
    19 | D:1      | 19 ||| Stepping ~*~*~tactically~*~*~ (stealth).
    21 | D:1      | 21 ||| Stepping ~*~*~tactically~*~*~ (stealth).
    28 | D:1      | 28 ||| Stepping ~*~*~tactically~*~*~ (stealth).
    35 | D:1      | Found Nost's Antique Weapon Boutique.
    47 | D:1      | 47 ||| SHOPLISTING club (27 gold, have 0).
    47 | D:1      | 47 ||| SHOPLISTING mace (81 gold, have 0).
    47 | D:1      | Found Hizolucu's Magic Scroll Boutique.
    55 | D:1      | Found Naeqajus's General Store.
    58 | D:1      | Reached XP level 2. HP: 17/17 MP: 6/6
    59 | D:1      | 59 ||| SHOPLISTING scroll of acquirement (676 gold, have
                  | 0).
    59 | D:1      | 59 ||| SHOPLISTING scroll of enchant weapon (97 gold, have
                  | 0).
    59 | D:1      | 59 ||| SHOPLISTING scroll of identify (26 gold, have 0).
    59 | D:1      | 59 ||| SHOPLISTING scroll of teleportation (39 gold, have
                  | 0).
    70 | D:1      | 70 ||| SHOPLISTING +3 plate armour "Liazum" {*Corrode rF+++
                  | rN+ Will++} (926 gold, have 36).
    70 | D:1      | 70 ||| SHOPLISTING +6 ring of strength (360 gold, have 36).
    70 | D:1      | 70 ||| SHOPLISTING potion of might (40 gold, have 36).
   123 | D:1      | Reached skill level 3 in Axes
   550 | D:1      | Found Bukakhim's Antique Armour Boutique.
   558 | D:1      | 558 ||| SHOPLISTING chain mail (99 gold, have 83).
   558 | D:1      | 558 ||| SHOPLISTING shiny ring mail (154 gold, have 83).
   660 | D:1      | Found a faded altar of an unknown god.
   904 | D:1      | 904 ||| DROPPING +0 club.
  1472 | D:1      | 1472 ||| UPGRADING to +0 scale mail.
  1482 | D:1      | 1482 ||| DROPPING +0 leather armour.
  1483 | D:1      | 1483 ||| READING scroll labelled YLUYGR DOISHY.
  1486 | D:1      | 1486 ||| READING scroll labelled GUESYNOESU.
  1487 | D:1      | 1487 ||| DROPPING scroll of blinking.
  1782 | D:2      | Reached XP level 3. HP: 21/21 MP: 7/7
  1897 | D:2      | Reached skill level 4 in Axes
  2082 | D:2      | 2082 ||| Stepping ~*~*~tactically~*~*~ (stealth).
  2083 | D:2      | 2083 ||| Stepping ~*~*~tactically~*~*~ (stealth).
  2093 | D:2      | Found a snail-covered altar of Cheibriados.
  2305 | D:2      | 2305 ||| Stepping ~*~*~tactically~*~*~ (hiding).
  2450 | D:2      | 2450 ||| Stepping ~*~*~tactically~*~*~ (stealth).
  2717 | D:2      | 2717 ||| DROPPING +6 ring of intelligence.
  2718 | D:2      | 2718 ||| READING scroll labelled FYEHOAZOIT.
  2719 | D:2      | 2719 ||| READING scroll labelled XYSAGGA UKEC.
  2720 | D:2      | 2720 ||| DRINKING 2 purple potions.
  2721 | D:2      | 2721 ||| READING 4 scrolls of identify.
  2721 | D:2      | 2721 ||| IDENTIFYING viscous orange potion
  2722 | D:2      | 2722 ||| READING 3 scrolls of identify.
  2722 | D:2      | 2722 ||| IDENTIFYING orange potion
  2723 | D:2      | 2723 ||| READING 2 scrolls of identify.
  2723 | D:2      | 2723 ||| IDENTIFYING lumpy black potion
  2724 | D:2      | 2724 ||| DROPPING potion of berserk rage.
  2725 | D:2      | 2725 ||| DROPPING potion of attraction.
  2726 | D:2      | 2726 ||| DROPPING potion of flight.
  2763 | D:3      | 2763 ||| PLANNING SEWER
  2812 | D:3      | Reached XP level 4. HP: 18/26 MP: 8/8
  2817 | D:3      | HP: 5/26 [something/puff of flame (3)]
  2821 | D:3      | HP: 1/26 [something (2)]
  2822 | D:3      | Slain by an orc wizard

Levels and vault maps discovered:
D:1:      scummos_arrival_forest, layout_basic, serial_shops, shop_coins,
          nicolae_shop_overgrown_old_shop, shop, shop, basic_ecumenical_altar
D:2:      wad_crossroads, layout_basic, basic_altar,
          nicolae_elevator_lobby_asterisk
D:3:      layout_loops_corners, lemuel_tele_altar, gup_sewer_entry_bubbles,
          uniq_ijyb

Skill      XL: |  1  2  3 |
---------------+----------+-----
Axes           | 3 4 |  4.6
Fighting       | |  2.0
Throwing       | |  1.0
Armour         | |  1.1
Dodging        | |  2.1
Spellcasting   | |  2.0
Translocations | |  2.4

Action                   |  1- 3 |  4- 6 || total
-------------------------+-------+-------++-------
Melee: Hand axe          |    85 |     4 ||    89
       Kick              |    24 |     1 ||    25
       Peck              |    11 |       ||    11
Throw: Boomerang         |     7 |       ||     7
  Use: Scroll            |     7 |       ||     7
       Potion            |     1 |       ||     1
Armor: Leather armour    |     6 |       ||     6
       Scale mail        |    12 |     7 ||    19
Dodge: Dodged            |    33 |     3 ||    36

Table legend:
 A = Non-vault XP
 B = Vault XP
 C = Vault XP percentage of total XP
 D = Non-vault monster count
 E = Vault monster count
 F = Vault count percentage of total count
                 A         B        C        D         E       F
            +---------+---------+-------+---------+---------+-------
      Total |      78 |       7 |   8.2 |      39 |       4 |   9.3
            +---------+---------+-------+---------+---------+-------
        D:1 |      31 |       0 |   0.0 |      20 |       0 |   0.0
        D:2 |      37 |       7 |  15.9 |      16 |       4 |  20.0
        D:3 |      10 |       0 |   0.0 |       3 |       0 |   0.0
            +---------+---------+-------+---------+---------+-------
